 Dungeon Crawl Stone Soup version 0.25.1-8-g42b30a86e7 (webtiles) character file.

Game seed: 14322728663929222439

983 H0rd4k the Thaumaturge (level 7, 0/36 HPs)
             Began as a Deep Elf Wizard on Dec 18, 2020.
             Was an Initiate of Gozag.
             Slain by a bullfrog (4 damage)
             ... on level 6 of the Dungeon.
             The game lasted 00:19:36 (8917 turns).

H0rd4k the Thaumaturge (Deep Elf Wizard)            Turns: 8917, Time: 00:19:36

Health: 0/36       AC:  2    Str:  4    XL:     7   Next: 96%
Magic:  13/21      EV: 13    Int: 25    God:    Gozag
Gold:   818        SH:  0    Dex: 13    Spells: 15/24 levels left

rFire    + . .     SeeInvis .   u - +2 dagger (drain)
rCold    x . .     Gourm    .   (no shield)
rNeg     . . .     Faith    .   a - +0 robe
rPois    +         Spirit   .   b - +0 hat
rElec    .         Reflect  .   (no cloak)
rCorr    .         Harm     .   (no gloves)
MR       .....                  (no boots)
Stlth    ++........             (no amulet)
HPRegen  0.12/turn              g - ring of fire
MPRegen  0.17/turn              k - ring of poison resistance

@: very slightly contaminated
A: no striking features
a: Potion Petition, Call Merchant, Bribe Branch, Renounce Religion


You were on level 6 of the Dungeon.
You worshipped Gozag.
Gozag was pleased with you.
You were not hungry.

You visited 1 branch of the dungeon, and saw 6 of its levels.
You also visited: Sewer and Ossuary.

You collected 963 gold pieces.
You spent 93 gold pieces at shops.
You paid 52 gold pieces to Gozag.

Inventory:

Hand Weapons
 u - a +2 dagger of draining (weapon)
Armour
 a - a +0 robe (worn)
 b - a +0 hat (worn)
Jewellery
 g - a ring of fire (left hand)
 k - a ring of poison resistance (right hand)
Wands
 f - a wand of flame (3)
 s - a wand of digging (3)
 A - a wand of paralysis (8)
 B - a wand of clouds (4)
Scrolls
 c - 3 scrolls of amnesia
 j - 4 scrolls of remove curse {unknown}
 l - 3 scrolls of enchant armour {unknown}
 m - 4 scrolls of fear {unknown}
 n - a scroll of random uselessness {unknown}
 q - 6 scrolls of teleportation
 w - 3 scrolls of blinking {unknown}
 y - a scroll of immolation {unknown}
 z - 3 scrolls of identify
Potions
 e - a potion of heal wounds
 h - a potion of flight
 i - 2 potions of brilliance {unknown}
 o - a potion of lignification {unknown}
 p - 3 potions of mutation
 r - 2 potions of stabbing
 t - a potion of haste
 v - a potion of might
 x - 2 potions of degeneration {unknown}
Comestibles
 d - 9 rations


   Skills:
 + Level 3.3 Dodging
 + Level 3.4 Stealth
 + Level 9.2 Spellcasting
 + Level 4.6 Conjurations
   Level 1.1 Summonings
 + Level 2.8 Translocations
 + Level 2.2 Fire Magic
 + Level 1.2 Air Magic
 + Level 2.1 Poison Magic
 + Level 0.3 Evocations


You had 15 spell levels left.
You knew the following spells:

 Your Spells              Type           Power        Failure   Level  Hunger
a - Magic Dart            Conj           ####         1%          1    None
b - Blink                 Tloc           N/A          2%          2    None
c - Conjure Flame         Conj/Fire      #####...     3%          3    None
d - Mephitic Cloud        Conj/Pois/Air  ###.....     5%          3    None

Your spell library contained the following spells:

 Spells                   Type           Power        Failure   Level  Hunger
 Call Imp                 Summ           ###.....     5%          2    None
 Slow                     Hex            ##......     9%          2    None


Dungeon Overview and Level Annotations

Branches:
Dungeon (6/15)             Temple (0/1) D:6           Sewer (visited)
Ossuary (visited)

Altars:
Ashenzari
Gozag
Nemelex Xobeh
Okawaru
Yredelemnul

Shops:
D:4 ?

Annotations:
D:2 exclusion: downstairs
D:3 Sigmund
D:4 1 runed translucent door, exclusion: door, ANNNA's ghost, amateur DEVM


Message History

The bullfrog hits you! x2
* * * LOW HITPOINT WARNING * * *
Casting: Magic Dart (safe; 1% risk of failure)
Confirm with . or Enter, or press ? or * to list all spells.
Aiming: Magic Dart (safe; 1% risk of failure)
Press: ? - help, Shift-Dir - straight line, f/p - bullfrog
Aim: a bullfrog (heavily wounded)
The magic dart hits the bullfrog.
The bullfrog is severely wounded.
The bullfrog hits you.
* * * LOW HITPOINT WARNING * * *
Casting: Magic Dart (safe; 1% risk of failure)
Confirm with . or Enter, or press ? or * to list all spells.
Aiming: Magic Dart (safe; 1% risk of failure)
Press: ? - help, Shift-Dir - straight line, f/p - bullfrog
Aim: a bullfrog (severely wounded)
You miscast Magic Dart.
Nothing appears to happen.
The bullfrog barely misses you. The bullfrog hits you.
You die...
Your body crumbles into a pile of gold.

.## ...# #.. #...#
#... #....# #....
......# #......
.?.....###........ ###
........#........+....
#F#........#.#.##
#.@.............#
##.#........#.#.##
#.#.............##
#.........#.#.#...
###.....#.......#.
#...#...#.>.#...
#.....#.......#.
#.......#.#.#...
#.............##


You could see a bullfrog.

Vanquished Creatures
  A crocodile (Sewer)
  A water moccasin zombie (D:6)
  3 scorpions
  A howler monkey (D:5)
  A hound (D:5)
  A bullfrog zombie (D:5)
  A quasit (D:5)
  A centaur skeleton (D:5)
  2 orc wizards
  3 worker ants
  4 big kobold zombies (Ossuary)
  2 mummies
  7 gnolls
  6 adders
  2 oozes
  An adder skeleton (D:6)
  7 worms
  A dart slug (D:3)
  2 leopard geckos (D:5)
  7 orcs
  4 spectral bats (Ossuary)
  A ball python (D:5)
  5 giant cockroaches
  8 gnoll zombies (Ossuary)
  9 goblins
  12 hobgoblins
  15 jackals
  3 quokkas
  A ball python skeleton (D:4)
  9 bats
  2 bat simulacra (Ossuary)
  2 goblin simulacra (Ossuary)
  5 goblin zombies (Ossuary)
  5 hobgoblin zombies (Ossuary)
  A jackal zombie (D:5)
  12 kobolds
  3 kobold simulacra (Ossuary)
  4 kobold zombies (Ossuary)
  4 orc zombies (Ossuary)
  A quokka skeleton (D:4)
  11 rats
  3 rat simulacra (Ossuary)
  5 spectral goblins (Ossuary)
  4 spectral kobolds (Ossuary)
  3 spectral rats (Ossuary)
186 creatures vanquished.

Notes
Turn   | Place    | Note
-------+----------+-------------------------------------------
     0 | D:1      | H0rd4k the Deep Elf Wizard began the quest for the Orb.
     0 | D:1      | Reached XP level 1. HP: 10/10 MP: 7/7
   392 | D:1      | Reached skill level 5 in Spellcasting
   392 | D:1      | Reached XP level 2. HP: 15/15 MP: 6/10
   952 | D:1      | Found a sparkling altar of Nemelex Xobeh.
  1120 | D:2      | Reached XP level 3. HP: 19/19 MP: 1/12
  1124 | D:2      | Learned a level 2 spell: Blink
  1128 | D:2      | Learned a level 3 spell: Conjure Flame
  1132 | D:2      | Learned a level 3 spell: Mephitic Cloud
  2138 | D:2      | Reached skill level 1 in Fire Magic
  2592 | D:3      | Reached XP level 4. HP: 24/24 MP: 11/13
  3305 | D:3      | Reached skill level 1 in Air Magic
  3448 | D:3      | Noticed Sigmund
  3466 | D:3      | Reached skill level 6 in Spellcasting
  3539 | D:3      | Reached skill level 1 in Poison Magic
  3588 | D:3      | Found an iron altar of Okawaru.
  3642 | D:3      | Found a basalt altar of Yredelemnul.
  3828 | D:3      | Reached XP level 5. HP: 24/28 MP: 8/15
  4042 | D:3      | Found an opulent altar of Gozag.
  4100 | D:3      | Became a worshipper of Gozag Ym Sagoz the Greedy
  4575 | D:4      | Reached skill level 7 in Spellcasting
  4681 | D:4      | Found a shattered altar of Ashenzari.
  4726 | D:4      | Reached XP level 6. HP: 32/32 MP: 7/18
  4841 | D:4      | Found Duaczosh's Magic Scroll Boutique.
  4844 | D:4      | Bought a scroll of teleportation for 33 gold pieces
  4844 | D:4      | Bought a scroll of identify for 22 gold pieces
  4844 | D:4      | Bought a scroll of magic mapping for 38 gold pieces
  5165 | D:4      | Found a shattered altar of Ashenzari.
  5341 | D:4      | Found a runed translucent door.
  5344 | D:4      | Noticed ANNNA's ghost (amateur DEVM)
  5502 | D:5      | Entered Level 5 of the Dungeon
  5536 | D:5      | Found a glowing drain.
  5576 | Sewer    | Entered a sewer
  5884 | D:5      | Found a sand-covered staircase.
  5892 | Ossuary  | Entered an ossuary
  6395 | Ossuary  | Reached skill level 8 in Spellcasting
  6621 | Ossuary  | Reached XP level 7. HP: 29/36 MP: 11/20
  8507 | D:6      | Reached skill level 9 in Spellcasting
  8872 | D:6      | Found a staircase to the Ecumenical Temple.
  8917 | D:6      | Slain by a bullfrog

Illustrated notes

Levels and vault maps discovered:
D:1:      dpeg_arrival_water_altar, layout_rooms, hangedman_decor_growths
D:2:      layout_loops_cross, kennysheep_nub
D:3:      layout_loops_ring, okawaru_altar_gauntlet_db, lemuel_doored_altar,
          lemuel_round_altar, uniq_sigmund
D:4:      layout_basic, marbit_many_paths, ebering_ghost_sewer_d, serial_shops,
          kennysheep_mini, first_ration, cheibrodos_ashenzari_chains
D:5:      layout_loops_ring, gup_ossuary_entry_pyramid, portal_sewer_entry_c
D:6:      layout_basic, kennysheep_little_box, tso_metal_star,
          minmay_temple_entry_sparse_star, uniq_grinder, uniq_prince_ribbit1

Skill      XL: |  1  2  3  4  5  6  7 |
---------------+----------------------+-----
Spellcasting   | 5 6 7 8 9 |  9.2
Fire Magic     | 1 2 |  2.2
Conjurations   | 2 3 4 |  4.6
Air Magic      | 1 |  1.2
Stealth        | 3 |  3.4
Poison Magic   | 1 2 |  2.1
Translocations | 2 |  2.8
Dodging        | 3 |  3.3
Summonings     | |  1.1
Evocations     | |  0.3

Action                   |  1- 3 |  4- 6 |  7- 9 || total
-------------------------+-------+-------+-------++-------
 Cast: Magic Dart        |   151 |   201 |   155 ||   507
       Conjure Flame     |     1 |    25 |     9 ||    35
       Blink             |       |     7 |     4 ||    11
       Mephitic Cloud    |       |     4 |     5 ||     9
Evoke: Wand              |       |     2 |    16 ||    18
  Use: Scroll            |       |     7 |       ||     7
       Potion            |       |     3 |       ||     3
  Eat: Chunk             |     5 |     5 |       ||    10
       Ration            |       |     2 |     2 ||     4
Armor: Robe              |     6 |     9 |    25 ||    40
Dodge: Dodged            |    14 |    43 |    90 ||   147
